| TOP OF THE 1ST |
|
Auburn Red Stars batting - Pitching for Summit Red Dragons : RHP Steven Raine
|
|
Pitching: RHP Steven Raine
|
|
|
Batting: RHB Jose Rodriguez
|
0-0: Ball 1-0: Foul Ball, location: 2F 1-1: Foul Ball, location: 2F 1-2: Foul Ball, location: 2F 1-2: Fly out, F8 (Flyball, 8LM, EV 83.1 MPH)
|
|
Batting: RHB Clemente Acuna
|
0-0: Ball 1-0: Called Strike 1-1: Ball 2-1: Foul Ball, location: 2F 2-2: Ball 3-2: SINGLE (Line Drive, 34D, EV 94.4 MPH)
|
|
Batting: LHB Ricardo Perrez
|
0-0: Called Strike 0-1: SINGLE (Line Drive, 9LS, EV 88.8 MPH) Clemente Acuna to second Runner from 2nd tries for 3rd, SAFE, no throw by RF
|
|
Batting: RHB Alfredo Torres
|
0-0: Fielders Choice at 2nd, 5-4 (Groundball, 5, EV 82.5 MPH) Clemente Acuna scores
|
|
Batting: LHB John Stefero
|
0-0: Called Strike 0-1: Ball 1-1: Ball 2-1: Ball 3-1: Foul Ball, location: 2F 3-2: Strikes out looking
|
| Top of the 1st over - 1 run, 2 hits, 0 errors, 1 left on base; Auburn 1 - Summit 0 |
| BOTTOM OF THE 1ST |
|
Summit Red Dragons batting - Pitching for Auburn Red Stars : RHP Greg Booker
|
|
Pitching: RHP Greg Booker
|
|
|
Batting: RHB Christopher Goodyear
|
0-0: Foul Ball, location: 2F 0-1: Ball 1-1: Fly out, F8 (Flyball, 8LS, EV 80.0 MPH)
|
|
Batting: LHB Lou Thornton
|
0-0: Ball 1-0: Called Strike 1-1: Ball 2-1: Foul Ball, location: 2F 2-2: Ball 3-2: Foul Ball, location: 2F 3-2: Base on Balls
|
|
Batting: SHB Mark T McLemore
|
0-0: Ball 1-0: Called Strike 1-1: Ball 2-1: Fielders Choice at 2nd, 3-6 (Groundball, 34, EV 83.1 MPH)
|
|
Batting: RHB Dana Williams
|
0-0: Foul Ball, location: 2F 0-1: Ball 1-1: Ball 2-1: Called Strike 2-2: Ball 3-2: Base on Balls Mark T McLemore to second
|
|
Batting: LHB Dion Lowe
|
0-0: Called Strike 0-1: Swinging Strike 0-2: Foul Ball, location: 2F 0-2: Strikes out swinging
|
| Bottom of the 1st over - 0 runs, 0 hits, 0 errors, 2 left on base; Auburn 1 - Summit 0 |
| TOP OF THE 2ND |
|
Auburn Red Stars batting - Pitching for Summit Red Dragons : RHP Steven Raine
|
|
Batting: RHB Steve McQueen
|
0-0: Ball 1-0: Ball 2-0: Foul Ball, location: 2F 2-1: Foul Ball, location: 2F 2-2: Strikes out swinging
|
|
Batting: LHB Luis Roman
|
0-0: Called Strike 0-1: Fly out, F8 (Flyball, 8LD, EV 91.3 MPH)
|
|
Batting: RHB William Chamberlain
|
0-0: Ball 1-0: Fly out, F9 (Line Drive, 9, EV 96.3 MPH)
|
| Top of the 2nd over - 0 runs, 0 hits, 0 errors, 0 left on base; Auburn 1 - Summit 0 |
| BOTTOM OF THE 2ND |
|
Summit Red Dragons batting - Pitching for Auburn Red Stars : RHP Greg Booker
|
|
Batting: RHB John Smith
|
0-0: Fly out, F7 (Flyball, 7S, EV 93.1 MPH)
|
|
Batting: LHB Bob Hausladen
|
0-0: Ball 1-0: Fly out, F8 (Flyball, 89M, EV 86.3 MPH)
|
|
Batting: RHB Colacito Sanchez
|
0-0: Ball 1-0: Fly out, F7 (Flyball, 78XD, EV 101.3 MPH)
|
| Bottom of the 2nd over - 0 runs, 0 hits, 0 errors, 0 left on base; Auburn 1 - Summit 0 |
| TOP OF THE 3RD |
|
Auburn Red Stars batting - Pitching for Summit Red Dragons : RHP Steven Raine
|
|
Batting: RHB Antonio Quevedo
|
0-0: Ball 1-0: SINGLE (Groundball, 3S, EV 68.8 MPH) (infield hit)
|
|
Batting: RHB Jose Rodriguez
|
0-0: Ball 1-0: Called Strike 1-1: Swinging Strike 1-2: Ball 2-2: Ball 3-2: Base on Balls Antonio Quevedo to second
|
|
Batting: RHB Clemente Acuna
|
0-0: Ball 1-0: Called Strike 1-1: Fly out, F6 (Popup, 15, EV 81.3 MPH)
|
|
Batting: LHB Ricardo Perrez
|
0-0: Grounds into double play, 4-6-3 (Groundball, 4, EV 93.8 MPH)
|
| Top of the 3rd over - 0 runs, 1 hit, 0 errors, 1 left on base; Auburn 1 - Summit 0 |
| BOTTOM OF THE 3RD |
|
Summit Red Dragons batting - Pitching for Auburn Red Stars : RHP Greg Booker
|
|
Batting: RHB Kenneth Gordon
|
0-0: Ball 1-0: Called Strike 1-1: Swinging Strike 1-2: Fly out, F7 (Flyball, 7, EV 96.9 MPH)
|
|
Batting: RHB Christopher Goodyear
|
0-0: Ball 1-0: Ball 2-0: Called Strike 2-1: Ball 3-1: Fly out, F7 (Flyball, 7LM, EV 85.6 MPH)
|
|
Batting: LHB Lou Thornton
|
0-0: Swinging Strike 0-1: Ball 1-1: Ball 2-1: Swinging Strike 2-2: Foul Ball, location: 2F 2-2: Strikes out swinging
|
| Bottom of the 3rd over - 0 runs, 0 hits, 0 errors, 0 left on base; Auburn 1 - Summit 0 |
| TOP OF THE 4TH |
|
Auburn Red Stars batting - Pitching for Summit Red Dragons : RHP Steven Raine
|
|
Batting: RHB Alfredo Torres
|
0-0: Ball 1-0: Ball 2-0: Swinging Strike 2-1: Swinging Strike 2-2: Foul Ball, location: 2F 2-2: Fly out, F9 (Flyball, 9LM, EV 78.8 MPH)
|
|
Batting: LHB John Stefero
|
0-0: Foul Ball, location: 2F 0-1: Foul Ball, location: 2F 0-2: Ball 1-2: Strikes out looking
|
|
Batting: RHB Steve McQueen
|
0-0: Ball 1-0: Ball 2-0: SINGLE (Line Drive, 4MD, EV 100.6 MPH)
|
|
Batting: LHB Luis Roman
|
0-0: Called Strike 0-1: Swinging Strike 0-2: Ball 1-2: Strikes out swinging
|
| Top of the 4th over - 0 runs, 1 hit, 0 errors, 1 left on base; Auburn 1 - Summit 0 |
| BOTTOM OF THE 4TH |
|
Summit Red Dragons batting - Pitching for Auburn Red Stars : RHP Greg Booker
|
|
Batting: SHB Mark T McLemore
|
0-0: Ball 1-0: Ball 2-0: Ball 3-0: Base on Balls
|
|
Batting: RHB Dana Williams
|
0-0: Ball 1-0: Foul Ball, location: 2F 1-1: Grounds out, U3 (Groundball, 3L, EV 103.8 MPH)
|
|
Batting: LHB Dion Lowe
|
0-0: Called Strike 0-1: Ball 1-1: Ground out 5-3 (Groundball, 15, EV 82.5 MPH)
|
|
Batting: RHB John Smith
|
0-0: Fly out, F9 (Flyball, 89S, EV 86.3 MPH)
|
| Bottom of the 4th over - 0 runs, 0 hits, 0 errors, 1 left on base; Auburn 1 - Summit 0 |
| TOP OF THE 5TH |
|
Auburn Red Stars batting - Pitching for Summit Red Dragons : RHP Steven Raine
|
|
Batting: RHB William Chamberlain
|
0-0: Called Strike 0-1: Ball 1-1: Ball 2-1: Foul Ball, location: 2F 2-2: Fly out, F8 (Flyball, 78D, EV 98.8 MPH)
|
|
Batting: RHB Antonio Quevedo
|
0-0: Ground out 4-3 (Groundball, 4, EV 76.9 MPH)
|
|
Batting: RHB Jose Rodriguez
|
0-0: SINGLE (Flyball, 9LM, EV 93.8 MPH)
|
|
Batting: RHB Clemente Acuna
|
0-0: Ball Wild Pitch! Jose Rodriguez to second 1-0: Foul Ball, location: 2F 1-1: Ball 2-1: Ball 3-1: Reached on error, E6 (Groundball, 6S, EV 78.1 MPH) Jose Rodriguez to third
|
|
Batting: LHB Ricardo Perrez
|
0-0: Swinging Strike 0-1: Ball 1-1: Fly out, F7 (Flyball, 7, EV 89.4 MPH)
|
| Top of the 5th over - 0 runs, 1 hit, 1 error, 2 left on base; Auburn 1 - Summit 0 |
| BOTTOM OF THE 5TH |
|
Summit Red Dragons batting - Pitching for Auburn Red Stars : RHP Greg Booker
|
|
Batting: LHB Bob Hausladen
|
0-0: Foul Ball, location: 2F 0-1: Ball 1-1: Foul Ball, location: 2F 1-2: Ball 2-2: Ball 3-2: Foul Ball, location: 2F 3-2: Foul Ball, location: 2F 3-2: Strikes out swinging
|
|
Batting: RHB Colacito Sanchez
|
0-0: Called Strike 0-1: Foul Ball, location: 2F 0-2: Ball 1-2: Ball 2-2: Ball 3-2: Strikes out swinging
|
|
Batting: RHB Kenneth Gordon
|
0-0: Called Strike 0-1: Foul Ball, location: 2F 0-2: Foul Ball, location: 2F 0-2: Ball 1-2: Ball 2-2: Ground out 4-3 (Groundball, 4, EV 105.6 MPH)
|
| Bottom of the 5th over - 0 runs, 0 hits, 0 errors, 0 left on base; Auburn 1 - Summit 0 |
| TOP OF THE 6TH |
|
Auburn Red Stars batting - Pitching for Summit Red Dragons : RHP Steven Raine
|
|
Batting: RHB Alfredo Torres
|
0-0: Fly out, F4 (Line Drive, 4, EV 76.9 MPH)
|
|
Batting: LHB John Stefero
|
0-0: Ball 1-0: Called Strike 1-1: Called Strike 1-2: Fly out, F8 (Flyball, 8LD, EV 76.3 MPH)
|
|
Batting: RHB Steve McQueen
|
0-0: Ball 1-0: Ball 2-0: Ball 3-0: Base on Balls
|
|
Batting: LHB Luis Roman
|
0-0: Ball 1-0: Fly out, F8 (Flyball, 89D, EV 81.9 MPH)
|
| Top of the 6th over - 0 runs, 0 hits, 0 errors, 1 left on base; Auburn 1 - Summit 0 |
| BOTTOM OF THE 6TH |
|
Summit Red Dragons batting - Pitching for Auburn Red Stars : RHP Greg Booker
|
|
Batting: RHB Christopher Goodyear
|
0-0: Called Strike 0-1: TRIPLE (Flyball, 78XD, EV 103.1 MPH)
|
|
Batting: LHB Lou Thornton
|
0-0: SINGLE (Line Drive, 89S, EV 97.5 MPH) Christopher Goodyear scores
|
|
Batting: SHB Mark T McLemore
|
0-0: Ball 1-0: Foul Ball, location: 2F 1-1: SINGLE (Line Drive, 9S, EV 105.0 MPH) Lou Thornton to second
|
|
Batting: RHB Dana Williams
|
0-0: Ball 1-0: Fly out, F8 (Line Drive, 8LD, EV 98.1 MPH)
|
|
Batting: LHB Dion Lowe
|
0-0: Ball 1-0: DOUBLE (Groundball, 5L, EV 96.9 MPH) Lou Thornton scores Mark T McLemore to third Runner from 3rd tries for Home, SAFE, no throw by LF
|
|
Batting: RHB John Smith
|
0-0: Called Strike 0-1: Foul Ball, location: 2F 0-2: Ball 1-2: Strikes out swinging
|
|
Batting: LHB Bob Hausladen
|
0-0: Ball 1-0: Foul Ball, location: 2F 1-1: Swinging Strike 1-2: Fly out, F9 (Line Drive, 9, EV 112.5 MPH)
|
| Bottom of the 6th over - 3 runs, 4 hits, 0 errors, 1 left on base; Auburn 1 - Summit 3 |
| TOP OF THE 7TH |
|
Auburn Red Stars batting - Pitching for Summit Red Dragons : RHP Steven Raine
|
|
Batting: RHB William Chamberlain
|
0-0: Ball 1-0: Ball 2-0: Fly out, F8 (Flyball, 89D, EV 93.1 MPH)
|
|
Batting: RHB Antonio Quevedo
|
0-0: Ball 1-0: Swinging Strike 1-1: Ball 2-1: Foul Ball, location: 2F 2-2: Ball 3-2: DOUBLE (Line Drive, 7LM, EV 95.6 MPH)
|
|
Batting: RHB Jose Rodriguez
|
0-0: Ball Antonio Quevedo steals 3rd base 1-0: Ball 2-0: Fly out, F2 (Popup, 23F, EV 87.5 MPH)
|
|
Batting: RHB Clemente Acuna
|
0-0: Ball 1-0: Fly out, F8 (Flyball, 89D, EV 101.3 MPH)
|
| Top of the 7th over - 0 runs, 1 hit, 0 errors, 1 left on base; Auburn 1 - Summit 3 |
| BOTTOM OF THE 7TH |
|
Summit Red Dragons batting - Pitching for Auburn Red Stars : RHP Greg Booker
|
|
Batting: RHB Colacito Sanchez
|
0-0: Ball 1-0: Foul Ball, location: 2F 1-1: Foul Ball, location: 2F 1-2: Ball 2-2: Ground out 4-3 (Groundball, 4, EV 105.0 MPH)
|
|
Batting: RHB Kenneth Gordon
|
0-0: Ball 1-0: Called Strike 1-1: Foul Ball, location: 2F 1-2: Ball 2-2: Fly out, F8 (Flyball, 8LD, EV 86.3 MPH)
|
|
Batting: RHB Christopher Goodyear
|
0-0: Called Strike 0-1: Foul Ball, location: 2F 0-2: Ball 1-2: Ball 2-2: Ball 3-2: Ground out 6-3 (Groundball, 6, EV 82.5 MPH)
|
| Bottom of the 7th over - 0 runs, 0 hits, 0 errors, 0 left on base; Auburn 1 - Summit 3 |
| TOP OF THE 8TH |
|
Auburn Red Stars batting - Pitching for Summit Red Dragons : RHP Steven Raine
|
|
Batting: LHB Ricardo Perrez
|
0-0: Ball 1-0: Ball 2-0: Ball 3-0: Base on Balls
|
|
Batting: RHB Alfredo Torres
|
0-0: Called Strike 0-1: Ball 1-1: Ball 2-1: Ball 3-1: Ground out 5-3 (Groundball, 56S, EV 68.1 MPH) Ricardo Perrez to second
|
|
Batting: LHB John Stefero
|
0-0: Fly out, F7 (Flyball, 78M, EV 82.5 MPH)
|
|
Batting: RHB Steve McQueen
|
0-0: Called Strike 0-1: Ball 1-1: Swinging Strike 1-2: Ball 2-2: Strikes out swinging
|
| Top of the 8th over - 0 runs, 0 hits, 0 errors, 1 left on base; Auburn 1 - Summit 3 |
| BOTTOM OF THE 8TH |
|
Summit Red Dragons batting - Pitching for Auburn Red Stars : RHP Greg Booker
|
|
Pitching: LHP Stan Clarke
|
|
|
Batting: LHB Lou Thornton
|
0-0: Foul Ball, location: 2F 0-1: Called Strike 0-2: Ball 1-2: Fly out, F3 (Flyball, 3D, EV 89.4 MPH)
|
|
Batting: SHB Mark T McLemore
|
0-0: SINGLE (Groundball, 56D, EV 81.9 MPH) (infield hit)
|
|
Batting: RHB Dana Williams
|
0-0: Called Strike 0-1: Ball 1-1: Foul Ball, location: 2F 1-2: Strikes out swinging
|
|
Pitching: LHP Gene Walter
|
|
|
Batting: LHB Dion Lowe
|
0-0: Called Strike 0-1: Ball 1-1: Swinging Strike 1-2: Foul Ball, location: 2F 1-2: Foul Ball, location: 2F 1-2: Ball 2-2: Fielders Choice at 2nd, 6-4 (Groundball, 56D, EV 85.0 MPH)
|
| Bottom of the 8th over - 0 runs, 1 hit, 0 errors, 1 left on base; Auburn 1 - Summit 3 |
| TOP OF THE 9TH |
|
Auburn Red Stars batting - Pitching for Summit Red Dragons : RHP Steven Raine
|
|
Pitching: RHP Tim Meckes
|
|
|
Now at 2B: Wilmont Reedy
|
|
|
Now at 3B: Mark Henderson
|
|
|
Batting: LHB Luis Roman
|
0-0: Called Strike 0-1: Ball 1-1: Ball 2-1: Ball 3-1: Base on Balls
|
|
Pinch Hitting: LHB Bruce Fournier
|
0-0: Ball 1-0: Called Strike 1-1: Ball 2-1: Foul Ball, location: 2F 2-2: Foul Ball, location: 2F 2-2: Foul Ball, location: 2F 2-2: Fielders Choice at 2nd, 4-6 (Groundball, 4M, EV 104.4 MPH)
|
|
Pinch Hitting: SHB Alan Wiggins
|
0-0: Fly out, F6 (Flyball, 6D, EV 82.5 MPH)
|
|
Batting: RHB Jose Rodriguez
|
0-0: Ball 1-0: Ground out 4-3 (Groundball, 4, EV 93.8 MPH)
|
| Top of the 9th over - 0 runs, 0 hits, 0 errors, 1 left on base; Auburn 1 - Summit 3 |
|